 Dungeon Crawl Stone Soup version 0.20.1-1-g8b1a95d (webtiles) character file.

861 slep the Skirmisher (level 7, -7/59 HPs)
             Began as a Demonspawn Wanderer on Oct 22, 2017.
             Blown up by Ijyb (16 damage)
             ... with a wand of disintegration (?/24)
             ... on level 4 of the Dungeon.
             The game lasted 00:21:02 (2947 turns).

slep the Skirmisher (Demonspawn Wanderer)           Turns: 2947, Time: 00:21:02

Health: -7/59      AC:  9    Str: 13    XL:     7   Next: 71%
Magic:  0/7        EV: 10    Int: 14    God:
Gold:   174        SH:  0    Dex: 13    Spells: 6/6 levels left

rFire    . . .     SeeInvis .   q - +1 whip (freeze)
rCold    . . .     Gourm    .   (no shield)
rNeg     . . .     Faith    .   c - +0 ring mail
rPois    .         Spirit   +   (helmet unavailable)
rElec    .         Reflect  .   n - +0 cloak
rCorr    .         Harm     .   p - +0 pair of gloves
MR       .....                  (no boots)
Stlth    +.........             k - amulet of guardian spirit
Regen    0.2/turn               (no ring)
MPRegen  0.1/turn               (no ring)

@: no status effects
A: horns 3, thin metallic scales 1
a: no special abilities


You were on level 4 of the Dungeon.
You were hungry.

You visited 1 branch of the dungeon, and saw 6 of its levels.
You also visited: Sewer.

You collected 174 gold pieces.

Inventory:

Hand Weapons
 a - a +2 shortbow
 q - a +1 whip of freezing (weapon)
Missiles
 b - 55 arrows
Armour
 c - a +0 ring mail (worn)
 n - a +0 cloak (worn)
 p - a +0 pair of gloves (worn)
Jewellery
 k - an amulet of guardian spirit (around neck)
Scrolls
 e - 3 scrolls of enchant weapon {unknown}
 h - 4 scrolls of identify {unknown}
 i - a scroll of enchant armour {unknown}
 o - 5 scrolls of teleportation {unknown}
 s - a scroll of fear {unknown}
 u - a scroll of recharging {unknown}
Potions
 d - 7 potions of curing
 l - a potion of agility
 r - a potion of might
 t - a potion of invisibility {unknown}
 v - a potion of degeneration {unknown}
Comestibles
 f - 4 bread rations
 g - 4 meat rations
 j - 2 fruits
 m - a chunk of flesh


   Skills:
 + Level 6.6 Fighting
 + Level 0.3 Maces & Flails
 + Level 6.1 Bows
 + Level 3.0 Armour
 + Level 1.3 Dodging
 + Level 1.3 Stealth
   Level 1.0 Evocations


You had 6 spell levels left.
You didn't know any spells.

Dungeon Overview and Level Annotations

Branches:
Dungeon (6/15)
 Temple: D:4-7

Altars:
Fedhas

Shops:
D:4 }

Annotations:
D:4 Ijyb
D:6 Rem's ghost, novice HOFi


Innate Abilities, Weirdness & Mutations

You have a pair of large horns on your head.
You are partially covered in thin metallic scales. (AC +2)


Message History

You barely miss Ijyb.
Ijyb is almost dead.
Ijyb hits you but does no damage.
You completely miss Ijyb.
Ijyb is almost dead.
Ijyb hits you but does no damage. Ijyb barely misses you.
You hit Ijyb but do no damage.
Ijyb is almost dead.
Ijyb zaps a wand.
You are blasted!
You barely miss Ijyb.
Ijyb is almost dead.
Ijyb zaps a wand.
You are blasted!
* * * LOW HITPOINT WARNING * * *
You barely miss Ijyb.
Ijyb is almost dead.
Ijyb closely misses you.
You hit Ijyb but do no damage. Your headbutt misses Ijyb.
Ijyb is almost dead.
Ijyb zaps a wand.
You are blasted!
You die...

######### #.......#
#..!....# ###
#.......#
..#######.#....g..#
#.....#...#.....@.##
#####...#
####.##..#### .
#####..## # ##....#
##.# .......#
####.###...#
######.# ###.#...#
.# #......# .#
#......# .# #......#
# .# #......#.#


You could see Ijyb.

Vanquished Creatures
  Pikel (D:4)
  Eustachio (D:4)
  2 slaves (D:4)
  A wyvern skeleton (D:6)
  A howler monkey (D:4)
  A centaur skeleton (D:4)
  A jelly (D:6)
  A worker ant (D:4)
  11 adders
  A gnoll (D:1)
  2 river rats (Sewer)
  An ooze (D:1)
  3 dart slugs (D:1)
  3 leopard geckos
  3 orcs (D:4)
  2 giant cockroaches (D:4)
  5 goblins
  3 hobgoblins
  5 jackals
  4 ball pythons
  2 bats
  14 frilled lizards
  9 kobolds
  10 rats
87 creatures vanquished.

Vanquished Creatures (others)
  A slave (D:4)
  An orc wizard (D:4)
  2 orcs (D:4)
  2 jackals (D:4)
6 creatures vanquished.

Grand Total: 93 creatures vanquished

Notes
Turn   | Place    | Note
-------+----------+-------------------------------------------
     0 | D:1      | slep the Demonspawn Wanderer began the quest for the Orb.
     0 | D:1      | slep set off with: a +2 shortbow, 25 arrows, a +0 ring mail, a potion of curing, a bread ration
     0 | D:1      | Reached XP level 1. HP: 21/21 MP: 1/1
   112 | D:1      | Gained mutation: You have a pair of small horns on your head. [demonic ancestry]
   112 | D:1      | Reached XP level 2. HP: 20/27 MP: 2/2
   207 | D:1      | Reached XP level 3. HP: 15/33 MP: 3/3
  1005 | D:2      | Gained mutation: You have a pair of horns on your head. [demonic ancestry]
  1005 | D:2      | Reached XP level 4. HP: 39/39 MP: 4/4
  1361 | D:2      | Found a blossoming altar of Fedhas.
  1615 | D:3      | You fall through a shaft for 3 floors!
  1665 | D:6      | Reached XP level 5. HP: 44/44 MP: 5/5
  1751 | D:6      | Noticed Rem's ghost (novice HOFi)
  1784 | D:5      | Entered Level 5 of the Dungeon
  2088 | D:4      | Found a glowing drain.
  2090 | D:4      | Noticed a slave
  2091 | D:4      | Noticed a slave
  2092 | D:4      | Noticed a slave
  2093 | D:4      | Noticed a slave
  2094 | D:4      | Noticed Pikel
  2109 | D:4      | Killed a slave
  2117 | D:4      | Killed a slave
  2123 | D:4      | Killed Pikel
  2123 | D:4      | Reached skill level 5 in Bows
  2123 | D:4      | Gained mutation: You have a pair of large horns on your head. [demonic ancestry]
  2123 | D:4      | Reached XP level 6. HP: 19/52 MP: 1/6
  2123 | D:4      | Gained mutation: You are partially covered in thin metallic scales. (AC +2) [demonic ancestry]
  2123 | D:4      | Reached XP level 7. HP: 22/58 MP: 1/7
  2179 | Sewer    | Entered a sewer
  2677 | D:4      | Reached skill level 1 in Dodging
  2737 | D:4      | Found Jokkup's Gadget Emporium.
  2764 | D:4      | Noticed Eustachio
  2773 | D:4      | Killed Eustachio
  2927 | D:4      | Noticed Ijyb
  2947 | D:4      | Blown up by Ijyb

Skill      XL: |  1  2  3  4  5  6  7 |
---------------+----------------------+-----
Bows           | 2 3 5 6 |  6.1
Fighting       | 6 |  6.6
Armour         | 2 3 |  3.0
Dodging        | 1 |  1.3
Maces & Flails | |  0.3
Stealth        | |  1.3
Evocations     | |  1.0

Action                   |  1- 3 |  4- 6 |  7- 9 || total
-------------------------+-------+-------+-------++-------
Melee: Whip              |       |       |    96 ||    96
       Headbutt          |       |       |    15 ||    15
 Fire: Shortbow          |   107 |    93 |    32 ||   232
  Use: Potion            |       |       |     5 ||     5
  Eat: Chunk             |       |     3 |     3 ||     6
Armor: Ring mail         |    22 |    24 |    52 ||    98
Dodge: Dodged            |    27 |    30 |    58 ||   115
